AoeStats
← LearningNewCivsPlsHelp

Arena

510007079Analyzed
2v2 RM · 2d ago on Sep 29, 2026· 63m 30s· 4 players
Game mode
Random Map
Map size
Medium (4 player)
Population
200
Speed
Normal
Resources
Standard
Victory
Conquest
Starting age
Dark Age
Ending age
Imperial Age
RankedLock teamsTeams togetherTeam positionsShared explorationLock speedFull tech treeHidden civsTurbo modeCheats
Victory
Defeat
1361
+13
🇲🇽 Danes · Mexico
1304
+16
🇧🇷 Danes · Brazil
1494
-22
🇧🇷 Varangians · Brazil
1098
-7
Exori
10:31 Feudal Age
14:24 Castle Age
14:34 Double-Bit Axe
14:54 Horse Collar
17:32 Bow Saw
17:25 Loom
20:56 Wheelbarrow
21:12 Town Watch
21:44 Fervor
21:38 Squires
22:04 Scale Mail Armor
24:56 Chain Mail Armor
26:53 Forging
30:04 Iron Casting
29:15 Gambesons
34:31 Imperial Age
32:18 Hand Cart
32:28 Heavy Plow
32:20 Gold Mining
32:23 Stone Mining
32:24 Arson
34:36 Capped Ram
35:55 Plate Mail Armor
36:12 Siege Engineers
36:21 Elite Varangian Guard
42:56 Gold Shaft Mining
42:59 Stone Shaft Mining
43:38 Fletching
43:11 Elite Skirmisher
44:24 Padded Archer Armor
45:46 Conscription
45:37 Bodkin Arrow
45:58 Leather Archer Armor
47:07 Bracer
47:30 Ballistics
48:11 Chemistry
48:21 Town Patrol
47:53 Siege Ram
49:40 Ring Archer Armor
50:18 Blast Furnace
50:28 Hoardings
49:58 Pikeman
50:36 Halberdier
51:42 Masonry
52:20 Scale Barding Armor
54:10 Chain Barding Armor
54:02 Bloodlines
53:53 Husbandry
54:17 Light Cavalry
55:26 Guard Tower
56:17 Arrowslits
58:05 Keep
Demon Backpack // Varela
10:35 Feudal Age
14:10 Castle Age
12:50 Forging
12:28 Horse Collar
12:36 Double-Bit Axe
14:54 Heavy Plow
15:14 Bow Saw
17:38 Wheelbarrow
17:36 Gold Mining
18:05 Scale Mail Armor
18:59 Forging
25:55 Iron Casting
29:50 Hand Cart
29:42 Arson
29:58 Squires
30:15 Chain Mail Armor
36:43 Loom
39:33 Fletching
39:43 Padded Archer Armor
40:32 Gold Shaft Mining
39:34 Crossbowman
41:15 Ballistics
41:17 Bodkin Arrow
41:37 Leather Archer Armor
44:42 Imperial Age
44:36 Thumb Ring
44:44 Arbalester
45:25 Bracer
45:55 Ring Archer Armor
46:35 Chemistry
45:10 Capped Ram
46:46 Siege Ram
49:06 Stone Mining
50:13 Plate Mail Armor
51:18 Blast Furnace
51:53 Elite Skirmisher
62:30 Scale Barding Armor
62:06 Man-at-Arms
62:10 Elite Shotel Warrior
64:33 Two-Man Saw
Stock_br
10:13 Feudal Age
8:29 Loom
14:26 Castle Age
12:13 Double-Bit Axe
17:14 Horse Collar
25:48 Scale Barding Armor
28:21 Chain Barding Armor
28:32 Bloodlines
29:56 Forging
33:27 Imperial Age
32:04 Scale Mail Armor
33:22 Husbandry
34:01 Iron Casting
33:51 Arson
35:58 Conscription
36:48 Plate Barding Armor
38:27 Ballistics
39:08 Chemistry
39:34 Wheelbarrow
41:33 Blast Furnace
41:07 Pikeman
41:48 Squires
41:36 Gambesons
43:44 Capped Ram
46:14 Hand Cart
45:46 Elite Jarl
45:56 Elite Skirmisher
46:50 Fletching
47:00 Padded Archer Armor
48:01 Bodkin Arrow
49:25 Bracer
51:29 Chain Mail Armor
52:19 Leather Archer Armor
53:41 Light Cavalry
54:11 Crossbowman
56:58 Hussar
LearningNewCivsPlsHelp
10:17 Feudal Age
14:08 Castle Age
12:00 Double-Bit Axe
11:57 Horse Collar
15:06 Bow Saw
17:08 Heavy Plow
17:16 Loom
21:06 Gold Mining
26:03 Imperial Age
27:05 Fletching
28:53 Bodkin Arrow
31:21 Padded Archer Armor
34:57 Bloodlines
34:49 Husbandry
36:28 Gold Shaft Mining
39:48 Thumb Ring
40:04 Ballistics
40:44 Wheelbarrow
40:36 Bracer
42:11 Town Watch
43:06 Leather Archer Armor
44:06 Cranequins
45:49 Ring Archer Armor
46:21 Onager
48:28 Heavy Mounted Crossbowman
49:15 Stone Mining
49:58 Northmen's Fury
51:43 Conscription
52:13 Siege Engineers
52:54 Siege Onager
53:41 Elite Skirmisher
Connection lost

Rejoining the realm…

Still unreachable

The connection could not be restored.

Session expired

The server has moved on; the page needs a fresh start.